 Dungeon Crawl Stone Soup version 0.31-a0-271-gb88eb75e06 (webtiles) character file.

Game seed: 6583068621197421806

264 Iniera the Ducker (level 6, -4/39 HPs)
             Began as a Kobold Monk on July 14, 2023.
             Was a Believer of Qazlal.
             Killed from afar by an orc wizard (9 damage)
             ... with a puff of flame
             ... on level 4 of the Dungeon.
             The game lasted 00:03:55 (3140 turns).

Iniera the Ducker (Kobold Monk)                     Turns: 3140, Time: 00:03:55

Health: -4/39      AC:  6    Str:  8    XL:     6   Next: 43%
Magic:  0/7        EV: 18    Int: 12    God:    Qazlal [**....]
Gold:   155        SH:  3    Dex: 19    Spells: 5/5 levels left

rFire   . . .        r - +0 dagger (drain)
rCold   . . .        d - orb {light}
rNeg    . . .        b - +0 robe
rPois   .            f - +0 helmet
rElec   .            (no cloak)
rCorr   .            n - +2 pair of gloves
SInv    .            (no boots)
Will    .....        k - amulet of guardian spirit
Stlth   +            (no ring)
HPRegen 0.26/turn    (no ring)
MPRegen 0.10/turn

%: guardian spirit
@: glowing
A: small, no large weapons, nightstalker 3
a: Renounce Religion, Upheaval


You were on level 4 of the Dungeon.
You worshipped Qazlal.
Qazlal was pleased with you.
You visited 1 branch of the dungeon, and saw 4 of its levels.

You collected 155 gold pieces.

Inventory:

Hand Weapons
 r - a +0 dagger of draining (weapon)
 w - a +0 long sword
Missiles
 j - 2 poisoned darts (quivered)
Armour
 b - a +0 robe (worn)
 d - an orb of light (worn)
 f - a +0 helmet (worn)
 n - a +2 pair of gloves (worn)
Jewellery
 k - an amulet of guardian spirit (around neck)
Wands
 q - a wand of digging (7)
Scrolls
 g - 5 scrolls of identify {unknown}
 i - a scroll of amnesia {unknown}
 o - 2 scrolls of revelation {unknown}
 p - 2 scrolls of teleportation {unknown}
 t - a scroll of vulnerability {unknown}
 v - a scroll of poison {unknown}
Potions
 c - a potion of ambrosia
 e - a potion of mutation {unknown}
 h - a potion of haste {unknown}
 l - a potion of degeneration {unknown}
 m - a potion of curing {unknown}
 s - a potion of berserk rage {unknown}
 u - a potion of enlightenment {unknown}


   Skills:
 + Level 4.5 Fighting
 + Level 3.3 Long Blades
 * Level 6.0 Dodging
 + Level 1.6 Invocations


You had 5 spell levels left.
You didn't know any spells.
Your spell library contained the following spells:

 Spells                   Type           Power      Damage    Failure   Level
 Freeze                   Ice            0%         1d3       32%         1
 Frozen Ramparts          Ice            0%         1d1       69%         3
 Hailstorm                Conj/Ice       0%         3d3       69%         3
 Portal Projectile        Hex/Tloc       0%         N/A       69%         3
 Summon Guardian Golem    Hex/Summ       0%         N/A       69%         3
 Tukima's Dance           Hex            0%         N/A       69%         3
 Iskenderun's Mystic Bla  Conj/Tloc      0%         2d3       97%         4
 Orb of Destruction       Conj           0%         9d5       100%        7
 Spellforged Servitor     Conj/Summ      0%         N/A       100%        7


Dungeon Overview and Level Annotations

Branches:
Dungeon (4/15)
 Temple: D:4-7

Altars:
Ashenzari
Qazlal

Shops:
D:2 [

Annotations:
D:4 1 transporter, mwobee's ghost, amateur DrDe


Innate Abilities, Weirdness & Mutations

You are small and have problems with some larger weapons.
You are completely attuned to the shadows.


Message History

The orc wizard is heavily wounded.
The orc closely misses you. The orc wizard misses you.
The orc priest mumbles some strange prayers to Beogh against you.
Beogh smites you!
You barely miss the orc wizard.
The orc wizard is heavily wounded.
The orc hits you but does no damage. The orc hits you with a +0 flail.
The orc wizard hits you with a +0 dagger.
You hit the orc wizard but do no damage.
You drain the orc wizard.
The orc wizard is severely wounded.
The orc closely misses you. The orc barely misses you.
The orc wizard hits you but does no damage.
You hit the orc but do no damage. The orc hits you but does no damage.
The orc wizard hits you with a +0 dagger.
You hit the orc wizard.
The orc wizard is almost dead.
You hit the orc priest but do no damage.
You drain the orc priest.
The orc priest is moderately wounded.
The orc hits you with a +0 dagger. The orc barely misses you.
The orc wizard points at you and mumbles some strange words.
The magic dart hits you!
* * * LOW HITPOINT WARNING * * *
The orc priest misses you.
You hit the orc priest.
The orc priest is heavily wounded.
The orc hits you with a +0 dagger.
* * * LOW HITPOINT WARNING * * *
An orc priest comes into view. It is wielding a +0 dagger.
You block the orc's attack. The orc wizard misses you.
The orc priest misses you.
You hit the orc wizard.
The orc wizard is almost dead.
The orc hits you with a +0 dagger.
* * * LOW HITPOINT WARNING * * *
The orc hits you but does no damage.
The orc wizard points at you and mumbles some strange words.
The puff of flame hits you!
You die...

.##########
............ #..#
#.#......###
#..#.##.#......##.
####..#.##.#......'..
...oo.............##.
#@o#.##........##.
##o.#.##........##.
#o.............###.
....................
##.....##.##....####
...................
....#.##.##.##.....
...............
.#.##.##...#....


You could see 2 orc priests, an orc wizard (invisible, very drained) and 2 orcs.

Vanquished Creatures
  A black bear (D:3)
  A scorpion (D:4)
  An orc wizard (D:3)
  Ijyb (D:3)
  2 adders
  A dart slug (D:3)
  5 orcs (D:3)
  8 endoplasms
  A giant cockroach (D:1)
  3 goblins
  5 hobgoblins
  7 jackals
  2 quokkas (D:2)
  2 ball pythons (D:3)
  2 bats (D:3)
  3 frilled lizards
  5 kobolds
  5 rats
55 creatures vanquished.

Vanquished Creatures (others)
  An orc (D:3)
1 creature vanquished.

Grand Total: 56 creatures vanquished

Notes
Turn   | Place    | Note
-------+----------+-------------------------------------------
     0 | D:1      | Iniera the Kobold Monk began the quest for the Orb.
     0 | D:1      | Reached XP level 1. HP: 14/14 MP: 1/1
   341 | D:1      | Reached XP level 2. HP: 4/19 MP: 2/2
   401 | D:1      | Reached skill level 4 in Dodging
  1118 | D:2      | Found Fok Ing's Armour Shoppe.
  1251 | D:2      | Reached XP level 3. HP: 23/23 MP: 3/3
  1446 | D:2      | Found a stormy altar of Qazlal.
  1522 | D:2      | Became a worshipper of Qazlal Stormbringer
  1522 | D:2      | Reached * piety under Qazlal
  1522 | D:2      | Reached ** piety under Qazlal
  1741 | D:3      | Noticed Ijyb
  1758 | D:3      | Killed Ijyb
  1759 | D:3      | Reached XP level 4. HP: 24/29 MP: 4/4
  1763 | D:3      | Found a broken altar of Ashenzari.
  2107 | D:3      | Reached skill level 5 in Dodging
  2294 | D:3      | Noticed a black bear
  2305 | D:3      | Killed a black bear
  2306 | D:3      | Reached skill level 1 in Invocations
  2306 | D:3      | Reached XP level 5. HP: 28/34 MP: 5/5
  2335 | D:3      | Reached XP level 6. HP: 36/39 MP: 6/6
  2817 | D:4      | Reached skill level 6 in Dodging
  3082 | D:4      | Found a transporter.
  3083 | D:4      | Noticed mwobee's ghost (amateur DrDe)
  3140 | D:4      | Killed from afar by an orc wizard

Illustrated notes

Levels and vault maps discovered:
D:1:      spicycebolla_arrival_clurvy, layout_basic, corner_web_ring
D:2:      layout_basic, serial_shops, shop, basic_altar
D:3:      layout_loops_ring, evilmike_ruin_ashenzari,
          corexii_item_surrounded_by_moat, uniq_ijyb
D:4:      layout_basic, gammafunk_ghost_mausoleum

Skill      XL: |  1  2  3  4  5  6 |
---------------+-------------------+-----
Dodging        | 4 5 6 |  6.0
Fighting       | 4 |  4.5
Long Blades    | 3 |  3.3
Invocations    | 1 |  1.6

Action                     |  1- 3 |  4- 6 || total
---------------------------+-------+-------++-------
  Melee: Falchion          |    54 |    28 ||    82
         Dagger            |       |    90 ||    90
   Stab: Sleeping          |     1 |       ||     1
 Armour: Robe              |    14 |    31 ||    45
  Dodge: Dodged            |    46 |   102 ||   148
  Block: Orb               |     1 |    13 ||    14

Table legend: (Time is in decaauts)
 A = Elapsed time spent in this place.
 B = Non-inter-level travel time spent in this place.
 C = Inter-level travel time spent in this place.
 D = Time resting spent in this place.
 E = Time spent auto-exploring this place.
 F = Levels seen in this place.
 G = Mean time per level.
                   A        B        C        D        E       F      G
               +--------+--------+--------+--------+--------+-----+--------+
         Total |   3139 |   3072 |     67 |     86 |   2601 |   4 |  784.8 |
       Dungeon |   3139 |   3072 |     67 |     86 |   2601 |   4 |  784.8 |
               +--------+--------+--------+--------+--------+-----+--------+

Top non-repeatable levels by time:
     D:1: 1046 daAuts
     D:3: 822 daAuts
     D:2: 690 daAuts
     D:4: 579 daAuts
